AoeStats
← Doak

Nomad

508755777Analyzed
4v4 RM · 8d ago on Sep 23, 2026· 12m 6s· 8 players
Game mode
Random Map
Map size
231×231
Population
200
Speed
Normal
Resources
Standard
Victory
Conquest
Starting age
Dark Age
Ending age
Imperial Age
RankedLock teamsTeams togetherTeam positionsShared explorationLock speedFull tech treeHidden civsTurbo modeCheats
Victory
Defeat
🇳🇿 Varangians · New Zealand
1568
+13
🇺🇸 Mongols · United States
1477
+17
🇬🇧 Vietnamese · United Kingdom
1363
+21
🇺🇸 Persians · United States
1312
+24
🇧🇷 Vietnamese · Brazil
1515
-20
🇨🇴 Saxons · Colombia
1513
-20
🇲🇽 Inca · Mexico
1479
-18
🇺🇸 Varangians · United States
1453
-17
robecha18
4:58 Loom
Tylenol
4:11 Loom
hK | Santo
5:33 Loom
12:20 Feudal Age
trollano
6:06 Loom
some.spiced.ham
5:21 Loom
14:06 Feudal Age
el_Feist
3:33 Loom
12:52 Feudal Age
Doak
5:46 Loom
hungdonkey
4:52 Loom
12:52 Feudal Age
Connection lost

Rejoining the realm…

Still unreachable

The connection could not be restored.

Session expired

The server has moved on; the page needs a fresh start.